[ AOE2 MATCH · #494024209 ]
UnrankedTupi vs Portuguese
Player's team · WIN
[ REPLAY ANALYSIS · EXTRACTED FROM THE RECORDED GAME ]
Feudal
18:28
Castle
27:11
Imperial
—
| APM avg | 48.5 |
| APM peak | 104 |
| eAPM avg | 16.2 |
| Villagers / military | 61 / 0 |
Focus
⚔️ 15.0% · 🌾 85.0%
Unknown (2550) ×1
Feudal
26:01
Castle
—
Imperial
—
| APM avg | 24.7 |
| APM peak | 69 |
| eAPM avg | 10.2 |
| Villagers / military | 50 / 0 |
Focus
⚔️ 21.2% · 🌾 78.8%
Match map
Initial resources + every placement click. Lines = walls · curves = elevation contours. ◆ gold · ⬟ stone · ● berries · ✦ relic · ◌ wall gap
Your base· Open — unwalled flank
Saruman117's base· Open — unwalled flank
Smoothed initial terrain · ◌ = detected wall gap · hover for details
Inputs per minute
— TRUM - - Saruman117
Build order — TRUM
118 actions detected in the replay
| 0:01 | Create | Villager (Male) |
| 0:02 | Build | House |
| 0:03 | Build | House |
| 0:13 | Create | Villager (Male) |
| 0:13 | Create | Villager (Male) |
| 0:26 | Create | Villager (Male) |
| 1:18 | Create | Villager (Male) |
| 1:18 | Create | Villager (Male) |
| 1:37 | Create | Villager (Male) |
| 1:37 | Create | Villager (Male) |
| 2:15 | Create | Villager (Male) |
| 2:16 | Create | Villager (Male) |
| 2:21 | Build | Settlement |
| 2:53 | Create | Villager (Male) |
| 2:53 | Create | Villager (Male) |
| 2:54 | Create | Villager (Male) |
| 2:54 | Create | Villager (Male) |
| 2:54 | Create | Villager (Male) |
| 3:52 | Create | Villager (Male) |
| 3:53 | Create | Villager (Male) |
| 3:53 | Create | Villager (Male) |
| 3:53 | Create | Villager (Male) |
| 3:57 | Research | Loom |
| 4:52 | Create | Villager (Male) |
| 4:52 | Create | Villager (Male) |
| 4:53 | Create | Villager (Male) |
| 4:53 | Create | Villager (Male) |
| 4:53 | Create | Villager (Male) |
| 5:12 | Create | Villager (Male) |
| 5:13 | Create | Villager (Male) |
| 6:06 | Build | House |
| 6:31 | Build | Town Center |
| 6:37 | Build | Town Center |
| 7:18 | Create | Villager (Male) |
| 7:18 | Create | Villager (Male) |
| 7:18 | Create | Villager (Male) |
| 7:19 | Create | Villager (Male) |
| 7:53 | Create | Villager (Male) |
| 7:53 | Create | Villager (Male) |
| 9:16 | Create | Villager (Male) |
| 9:17 | Create | Villager (Male) |
| 10:58 | Build | Palisade Wall |
| 11:52 | Create | Villager (Male) |
| 11:53 | Create | Villager (Male) |
| 12:16 | Create | Villager (Male) |
| 12:17 | Create | Villager (Male) |
| 12:30 | Create | Villager (Male) |
| 12:33 | Build | House |
| 12:48 | Create | Villager (Male) |
| 12:48 | Create | Villager (Male) |
| 12:56 | Build | Settlement |
| 13:10 | Create | Villager (Male) |
| 13:10 | Create | Villager (Male) |
| 13:34 | Create | Villager (Male) |
| 13:35 | Create | Villager (Male) |
| 13:35 | Create | Villager (Male) |
| 14:04 | Build | House |
| 14:11 | Create | Villager (Male) |
| 15:11 | Build | House |
| 15:25 | Build | Palisade Gate |
| 15:46 | Create | Villager (Male) |
| 15:46 | Create | Villager (Male) |
| 15:47 | Create | Villager (Male) |
| 15:47 | Create | Villager (Male) |
| 15:47 | Create | Villager (Male) |
| 15:47 | Create | Villager (Male) |
| 16:18 | Research | Feudal Age |
| 16:18 | Research | Feudal Age |
| 16:55 | Build | Settlement |
| 18:01 | Build | Barracks |
| 18:28 | Age | Feudal Age |
| 18:29 | Research | Town Watch |
| 18:29 | Research | Town Watch |
| 18:32 | Create | Villager (Male) |
| 18:45 | Build | Settlement |
| 18:48 | Research | Double-Bit Axe |
| 18:48 | Research | Double-Bit Axe |
| 19:40 | Build | Settlement |
| 19:44 | Create | Villager (Male) |
| 19:45 | Create | Villager (Male) |
| 19:52 | Build | Settlement |
| 19:56 | Create | Villager (Male) |
| 20:00 | Build | Farm |
| 20:02 | Build | Farm |
| 20:33 | Create | Villager (Male) |
| 20:35 | Build | Farm |
| 20:51 | Build | Market |
| 21:03 | Create | Unit 2550 |
| 21:30 | Create | Villager (Male) |
| 21:39 | Build | Farm |
| 21:40 | Build | Farm |
| 21:48 | Build | Blacksmith |
| 21:55 | Create | Villager (Male) |
| 22:00 | Research | Wheelbarrow |
| 22:00 | Research | Wheelbarrow |
| 22:39 | Build | Farm |
| 22:53 | Build | Farm |
| 23:10 | Build | Archery Range |
| 23:50 | Create | Villager (Male) |
| 24:31 | Research | Castle Age |
| 24:31 | Research | Castle Age |
| 24:56 | Build | Farm |
| 24:58 | Build | Farm |
| 25:14 | Build | Outpost |
| 25:28 | Build | Settlement |
| 25:38 | Build | Farm |
| 25:50 | Research | Tech 1402 |
| 25:50 | Research | Tech 1402 |
| 26:06 | Build | Watch Tower |
| 26:18 | Research | Fletching |
| 26:18 | Research | Fletching |
| 26:50 | Research | Gold Mining |
| 26:54 | Research | Horse Collar |
| 26:54 | Research | Horse Collar |
| 26:56 | Research | Stone Mining |
| 27:11 | Age | Castle Age |
| 27:14 | Build | Castle |
| 27:22 | Build | Town Center |
Build order — Saruman117
106 actions detected in the replay
| 0:01 | Create | Villager (Male) |
| 0:01 | Create | Villager (Male) |
| 0:01 | Create | Villager (Male) |
| 0:03 | Build | House |
| 0:04 | Build | House |
| 0:14 | Create | Villager (Male) |
| 1:27 | Create | Villager (Male) |
| 1:27 | Create | Villager (Male) |
| 1:52 | Create | Villager (Male) |
| 1:52 | Create | Villager (Male) |
| 2:00 | Build | Lumber Camp |
| 2:22 | Create | Villager (Male) |
| 2:56 | Create | Villager (Male) |
| 2:56 | Create | Villager (Male) |
| 3:41 | Create | Villager (Male) |
| 3:41 | Create | Villager (Male) |
| 3:49 | Build | House |
| 4:14 | Create | Villager (Male) |
| 4:15 | Create | Villager (Male) |
| 4:20 | Build | Mill |
| 4:53 | Build | Palisade Wall |
| 4:54 | Build | Palisade Wall |
| 4:55 | Build | Palisade Wall |
| 4:56 | Build | Palisade Wall |
| 5:04 | Create | Villager (Male) |
| 5:05 | Create | Villager (Male) |
| 5:12 | Create | Villager (Male) |
| 5:28 | Create | Villager (Male) |
| 5:42 | Build | House |
| 6:10 | Create | Villager (Male) |
| 6:48 | Create | Villager (Male) |
| 6:57 | Build | Lumber Camp |
| 6:57 | Create | Villager (Male) |
| 7:13 | Build | Palisade Wall |
| 7:14 | Build | Palisade Wall |
| 7:37 | Research | Loom |
| 7:42 | Create | Villager (Male) |
| 7:54 | Create | Villager (Male) |
| 8:38 | Create | Villager (Male) |
| 8:56 | Create | Villager (Male) |
| 9:15 | Create | Villager (Male) |
| 9:28 | Create | Villager (Male) |
| 10:39 | Create | Villager (Male) |
| 12:47 | Build | Lumber Camp |
| 15:05 | Build | Town Center |
| 16:00 | Create | Villager (Male) |
| 16:00 | Create | Villager (Male) |
| 16:00 | Create | Villager (Male) |
| 16:00 | Create | Villager (Male) |
| 16:24 | Create | Villager (Male) |
| 17:34 | Build | Farm |
| 17:35 | Build | Farm |
| 17:37 | Build | Farm |
| 17:49 | Build | Mining Camp |
| 18:02 | Build | Mining Camp |
| 18:06 | Create | Villager (Male) |
| 18:10 | Build | Farm |
| 18:12 | Build | Farm |
| 18:23 | Create | Villager (Male) |
| 18:27 | Build | Farm |
| 18:45 | Build | Palisade Wall |
| 18:46 | Build | Palisade Wall |
| 18:49 | Build | Palisade Wall |
| 18:55 | Build | Palisade Wall |
| 19:13 | Create | Villager (Male) |
| 19:15 | Build | Farm |
| 19:23 | Build | Farm |
| 19:31 | Create | Villager (Male) |
| 19:51 | Create | Villager (Male) |
| 19:54 | Build | Farm |
| 19:57 | Build | House |
| 19:58 | Build | House |
| 20:05 | Build | House |
| 20:09 | Create | Villager (Male) |
| 20:44 | Create | Villager (Male) |
| 20:49 | Build | Farm |
| 20:52 | Build | Farm |
| 20:55 | Build | Farm |
| 20:57 | Create | Villager (Male) |
| 21:46 | Create | Villager (Male) |
| 21:49 | Build | Farm |
| 21:53 | Build | Farm |
| 22:08 | Create | Villager (Male) |
| 22:12 | Build | Farm |
| 22:16 | Build | Farm |
| 22:29 | Create | Villager (Male) |
| 22:55 | Create | Villager (Male) |
| 23:01 | Build | Mining Camp |
| 23:03 | Create | Villager (Male) |
| 23:51 | Research | Feudal Age |
| 24:15 | Build | House |
| 24:18 | Build | Palisade Wall |
| 24:18 | Build | Palisade Wall |
| 24:20 | Build | Palisade Wall |
| 24:23 | Build | Palisade Wall |
| 24:29 | Build | Mining Camp |
| 24:37 | Build | Mining Camp |
| 24:43 | Build | Palisade Wall |
| 24:43 | Build | Palisade Wall |
| 25:57 | Create | Villager (Male) |
| 26:01 | Age | Feudal Age |
| 26:04 | Build | Market |
| 26:08 | Create | Villager (Male) |
| 26:42 | Build | Blacksmith |
| 26:52 | Create | Villager (Male) |
| 27:13 | Research | Castle Age |
Match timeline
| 4:53 | Saruman117 · wall_segment Palisade Wall x1 |
| 4:54 | Saruman117 · wall_segment Palisade Wall x1 |
| 4:55 | Saruman117 · wall_segment Palisade Wall x1 |
| 4:56 | Saruman117 · wall_segment Palisade Wall x1 |
| 7:13 | Saruman117 · wall_segment Palisade Wall x1 |
| 7:14 | Saruman117 · wall_segment Palisade Wall x1 |
| 10:58 | TRUM · wall_segment Palisade Wall x1 |
| 18:01 | TRUM · first_building Barracks |
| 18:28 | TRUM · age_up feudal |
| 18:45 | Saruman117 · wall_segment Palisade Wall x1 |
| 18:46 | Saruman117 · wall_segment Palisade Wall x1 |
| 18:49 | Saruman117 · wall_segment Palisade Wall x1 |
| 18:55 | Saruman117 · wall_segment Palisade Wall x1 |
| 23:10 | TRUM · first_building Archery Range |
| 23:42 | TRUM · first_market_buy 100 food |
| 24:18 | Saruman117 · wall_segment Palisade Wall x1 |
| 24:18 | Saruman117 · wall_segment Palisade Wall x1 |
| 24:20 | Saruman117 · wall_segment Palisade Wall x1 |
| 24:23 | Saruman117 · wall_segment Palisade Wall x1 |
| 24:29 | TRUM · first_market_sell 100 stone |
| 24:43 | Saruman117 · wall_segment Palisade Wall x1 |
| 24:43 | Saruman117 · wall_segment Palisade Wall x1 |
| 26:01 | Saruman117 · age_up feudal |
| 27:11 | Saruman117 · first_market_buy 100 food |
| 27:11 | TRUM · age_up castle |
| 27:14 | TRUM · first_building Castle |
| 27:25 | Saruman117 · resign |
[ AI ANALYSIS · 1 CREDIT ]
What really happened in this match?
Wolo.gg analyzes every decision: build order, eco, micro, common mistakes by bracket. Personalized analysis on WhatsApp or Discord in 30 seconds.
Civ guide
Tupi
Perfil
Jugador #23646526